 Dungeon Crawl Stone Soup version 0.23-a0-516-g0f8c245 (webtiles) character file.

15 tidbits the Caller (level 2, -8/20 HPs)
             Began as a Gnoll Summoner on Dec 5, 2018.
             Mangled by an ice beast (10 damage)
             ... on level 4 of the Dungeon.
             The game lasted 00:02:53 (312 turns).

tidbits the Caller (Gnoll Summoner)                  Turns: 312, Time: 00:02:54

Health: -8/20      AC:  2    Str: 10    XL:     2   Next: 50%
Magic:  1/7        EV: 14    Int: 17    God:
Gold:   40         SH:  0    Dex: 15    Spells: 7/10 levels left

rFire    . . .     SeeInvis .   a - +0 short sword
rCold    . . .     Gourm    .   (no shield)
rNeg     . . .     Faith    .   f - +0 robe
rPois    .         Spirit   .   (no helmet)
rElec    .         Reflect  .   (no cloak)
rCorr    .         Harm     .   (no gloves)
MR       .....                  (no boots)
Stlth    ++++......             (no amulet)
HPRegen  0.06/turn              g - ring of stealth
MPRegen  0.10/turn              (no ring)

@: no status effects
A: distributed training, fangs 1, strong nose
a: no special abilities


You were on level 4 of the Dungeon.
You were not hungry.

You visited 1 branch of the dungeon, and saw 4 of its levels.

You collected 40 gold pieces.

Inventory:

Hand Weapons
 a - a +0 short sword (weapon)
Armour
 d - a +0 ring mail
 f - a +0 robe (worn)
 k - a +0 ring mail
Jewellery
 g - a ring of stealth (left hand)
   (You found it on level 2 of the Dungeon)
Scrolls
 b - a scroll of random uselessness {unknown}
 e - a scroll of noise {unknown}
 i - a scroll of identify {unknown}
Potions
 h - a potion of heal wounds {unknown}
 j - a potion of brilliance {unknown}
Comestibles
 c - a ration


   Skills:
 + Level 0.4 Fighting
 + Level 0.4 Short Blades
 + Level 0.4 Long Blades
 + Level 0.4 Axes
 + Level 0.4 Maces & Flails
 + Level 0.4 Polearms
 + Level 0.4 Staves
 + Level 0.4 Slings
 + Level 0.4 Bows
 + Level 0.4 Crossbows
 + Level 0.4 Throwing
 + Level 0.4 Armour
 + Level 4.5 Dodging
 + Level 4.1 Stealth
 + Level 0.4 Shields
 + Level 0.4 Unarmed Combat
 + Level 4.9 Spellcasting
 + Level 0.2 Conjurations
 + Level 0.2 Hexes
 + Level 0.2 Charms
 + Level 7.0 Summonings
 + Level 0.2 Necromancy
 + Level 0.2 Translocations
 + Level 0.2 Transmutations
 + Level 0.2 Fire Magic
 + Level 0.2 Ice Magic
 + Level 0.2 Air Magic
 + Level 0.2 Earth Magic
 + Level 0.2 Poison Magic
 + Level 0.5 Invocations
 + Level 0.4 Evocations


You had 7 spell levels left.
You knew the following spells:

 Your Spells              Type           Power        Failure   Level  Hunger
a - Summon Small Mammal   Summ           ####         1%          1    None
i - Call Imp              Summ           ####....     1%          2    #......

Your spell library contained the following spells:

 Spells                   Type           Power        Failure   Level  Hunger
 Call Canine Familiar     Summ           ####....     2%          3    ###....
 Summon Guardian Golem    Hex/Summ       ###.....     10%         3    ###....
 Summon Ice Beast         Ice/Summ       ###.....     30%         4    ####...
 Summon Lightning Spire   Summ/Air       ###.....     30%         4    ####...


Dungeon Overview and Level Annotations

Branches:
Dungeon (4/15)
 Temple: D:4-7

Altars:

Annotations:
D:4 1 runed door, exclusion: player ghost, TheNamelessOne's ghost, amateur DsAK


Innate Abilities, Weirdness & Mutations

Your experience applies equally to all skills.
You have very sharp teeth.
Your uncanny sense of smell can sniff out nearby items.


Message History

Unknown command.
Found a leather armour.
Unknown command.
There is a stone staircase leading down here.
Magic restored.
You climb downwards.
Level annotation: 1 runed door, exclusion: player ghost, TheNamelessOne's
There is a stone staircase leading up here.
Unknown command.
Unknown command.
Unknown command.
Found a ring mail.
You see here a ring mail.
k - a ring mail Unknown command.
An ice beast comes into view.
Casting: Summon Small Mammal (safe; 1% risk of failure)
Confirm with . or Enter, or press ? or * to list all spells.
The ice beast closely misses your quokka.
The ice beast hits your quokka. The ice beast freezes your quokka!
Your quokka dies!
Your quokka's corpse disappears in a puff of smoke!
Casting: Summon Small Mammal (safe; 1% risk of failure)
Confirm with . or Enter, or press ? or * to list all spells.
Your quokka completely misses the ice beast.
You swap places.
The ice beast misses you.
Your quokka barely misses the ice beast.
Your quokka misses the ice beast.
Casting: Summon Small Mammal (safe; 1% risk of failure)
Confirm with . or Enter, or press ? or * to list all spells.
Your quokka bites the ice beast.
The ice beast hits you. The ice beast freezes you!
Ouch! That really hurt!
* * * LOW HITPOINT WARNING * * *
Your quokka bites the ice beast.
The ice beast barely misses you.
Your quokka bites the ice beast but does no damage.
You swap places.
Your bat hits the ice beast but does no damage.
The ice beast hits your bat. The ice beast freezes your bat!
Your bat dies!
Your bat's corpse disappears in a puff of smoke!
Your quokka bites the ice beast but does no damage.
Casting: Summon Small Mammal (safe; 1% risk of failure)
Confirm with . or Enter, or press ? or * to list all spells.
Your quokka barely misses the ice beast.
The ice beast closely misses you.
You swap places.
Your bat hits the ice beast but does no damage.
Your quokka barely misses the ice beast.
Your bat hits the ice beast but does no damage.
The ice beast barely misses your bat.
Your quokka misses the ice beast.
Your bat barely misses the ice beast.
Your bat closely misses the ice beast.
The ice beast hits your bat. The ice beast freezes your bat.
Your bat dies!
Your bat's corpse disappears in a puff of smoke!
Your quokka barely misses the ice beast.
Casting: Summon Small Mammal (safe; 1% risk of failure)
Confirm with . or Enter, or press ? or * to list all spells.
Your quokka misses the ice beast.
You swap places.
Your quokka bites the ice beast.
The ice beast closely misses your quokka.
Your quokka closely misses the ice beast.
Your quokka bites the ice beast but does no damage.
The ice beast completely misses your quokka.
Your quokka bites the ice beast but does no damage.
Your quokka bites the ice beast.
The ice beast closely misses your quokka.
Your quokka bites the ice beast but does no damage.
Casting: Summon Small Mammal (safe; 1% risk of failure)
Confirm with . or Enter, or press ? or * to list all spells.
Your quokka barely misses the ice beast.
Your quokka bites the ice beast but does no damage.
The ice beast hits your quokka. The ice beast freezes your quokka!
Your quokka dies!
Your quokka's corpse disappears in a puff of smoke!
Your quokka closely misses the ice beast.
Casting: Summon Small Mammal (safe; 1% risk of failure)
Confirm with . or Enter, or press ? or * to list all spells.
You swap places.
The ice beast closely misses your rat.
Your quokka completely misses the ice beast.
The ice beast hits your rat.
Your rat dies!
Your rat's corpse disappears in a puff of smoke!
Your quokka bites the ice beast but does no damage.
Your rat bites the ice beast.
Casting: Summon Small Mammal (safe; 1% risk of failure)
Confirm with . or Enter, or press ? or * to list all spells.
Your quokka bites the ice beast.
Your rat barely misses the ice beast.
Your quokka disappears in a puff of smoke!
Your quokka bites the ice beast but does no damage.
Your quokka barely misses the ice beast.
Casting: Summon Small Mammal (safe; 1% risk of failure)
Confirm with . or Enter, or press ? or * to list all spells.
The ice beast completely misses you.
Your rat barely misses the ice beast.
Your bat hits the ice beast but does no damage. x2
The ice beast hits you.
* * * LOW HITPOINT WARNING * * *
The ice beast freezes you!
Ouch! That really hurt!
You die...

########
#@b....#
#Y####.##
#r##...<#
#r##.#.##
#.##.#.#
#.##.#.#
#.####.##.#.#
#.........#.#
#.######.####.#


You could see an ice beast, a friendly quokka, a friendly bat and a friendly
rat.

Vanquished Creatures
  A giant cockroach (D:3)
  A goblin (D:2)
  A kobold (D:2)
  A rat (D:1)
4 creatures vanquished.

Vanquished Creatures (collateral kills)
  An adder (D:3)
  A goblin (D:2)
  4 hobgoblins
  2 frilled lizards (D:2)
  2 kobolds (D:1)
10 creatures vanquished.

Grand Total: 14 creatures vanquished

Notes
Turn   | Place    | Note
-------+----------+-------------------------------------------
     0 | D:1      | tidbits the Gnoll Summoner began the quest for the Orb.
     0 | D:1      | Reached XP level 1. HP: 13/13 MP: 6/6
   145 | D:4      | Found a runed door.
   145 | D:4      | Noticed TheNamelessOne's ghost (amateur DsAK)
   178 | D:3      | Reached XP level 2. HP: 20/20 MP: 2/7
   182 | D:3      | Learned a level 2 spell: Call Imp
   274 | D:4      | Noticed an ice beast
   312 | D:4      | HP: 2/20 [ice beast (4)]
   312 | D:4      | Mangled by an ice beast

Vault maps used:
D:1:      dpeg_arrival_rhombus, serial_bayou_crossing
D:2:      nemelex_xobeh_ov_fountains_minmay, lemuel_crystal_altar
D:3:      minmay_chambers_of_twos, ebering_ghost_reflecting_pool, first_ration
D:4:      overflow_temple_1_default, gammafunk_ghost_grave, serial_shops,
          nicolae_shop_stone, nicolae_shop_stone, nicolae_shop_stone, shop,
          shop, lemuel_angel_altar

Action                   || total
-------------------------++-------
Melee: Short sword       ||     7
       Unarmed           ||     2
 Cast: Summon Small Mamm ||    28
 Stab: Sleeping          ||     2
Armor: Robe              ||     1
Dodge: Dodged            ||    10

Table legend:
 A = Non-vault XP
 B = Vault XP
 C = Vault XP percentage of total XP
 D = Non-vault monster count
 E = Vault monster count
 F = Vault count percentage of total count
                 A         B        C        D         E       F
            +---------+---------+-------+---------+---------+-------
      Total |      22 |       0 |   0.0 |      14 |       0 |   0.0
            +---------+---------+-------+---------+---------+-------
        D:1 |       4 |       0 |   0.0 |       4 |       0 |   0.0
        D:2 |       7 |       0 |   0.0 |       6 |       0 |   0.0
        D:3 |      11 |       0 |   0.0 |       4 |       0 |   0.0
            +---------+---------+-------+---------+---------+-------

Table legend:
 A = Turns spent in this place as a percentage of turns spent in the entire game.
 B = Non-inter-level travel turns spent in this place as a percentage of non-inter-level travel turns spent in the entire game.
 C = Inter-level travel turns spent in this place as a percentage of turns spent in this place.
 D = Turns resting spent in this place as a percentage of non-inter-level travel turns spent in this place.
 E = Turns spent auto-exploring this place as a percentage of non-inter-level travel turns spent in this place.
 F = Non-inter-level travel turns spent in this place divided by the number of levels of this place that you've seen.
                   A       B       C       D       E      F
               +-------+-------+-------+-------+-------+----------------------
         Total | 100.0 | 100.0 |   0.0 |   0.0 |   0.0 |  78.0
       Dungeon | 100.0 | 100.0 |   0.0 |   0.0 |   0.0 |  78.0
               +-------+-------+-------+-------+-------+----------------------

Table legend:
 A = Kills in this place as a percentage of kills in entire the game.
 B = Kills by you in this place as a percentage of kills by you in the entire game.
 C = Kills by friends in this place as a percentage of kills by friends in the entire game.
 D = Other kills in this place as a percentage of other kills in the entire game.
 E = Experience gained in this place as a percentage of experience gained in the entire game.
 F = Experience gained in this place divided by the number of levels of this place that you have seen.
                   A       B       C       D       E      F
               +-------+-------+-------+-------+-------+----------------------
         Total | 100.0 | 100.0 | 100.0 |   N/A | 100.0 |   5.5
       Dungeon | 100.0 | 100.0 | 100.0 |   N/A | 100.0 |   5.5
               +-------+-------+-------+-------+-------+----------------------

Vault maps used:
D:1:      dpeg_arrival_rhombus, serial_bayou_crossing
D:2:      nemelex_xobeh_ov_fountains_minmay, lemuel_crystal_altar
D:3:      minmay_chambers_of_twos, ebering_ghost_reflecting_pool, first_ration
D:4:      overflow_temple_1_default, gammafunk_ghost_grave, serial_shops,
          nicolae_shop_stone, nicolae_shop_stone, nicolae_shop_stone, shop,
          shop, lemuel_angel_altar
